 Dungeon Crawl Stone Soup version 0.27-a0-200-g8ba017916c (webtiles) character file.

Game seed: 16487823260377129607

392 epen the Poker (level 7, -7/53 HPs)
             Began as a Formicid Gladiator on Jan 29, 2021.
             Was an Initiate of Okawaru.
             Mangled by an ogre
             ... wielding a +0 giant spiked club
              (28 damage)
             ... in the Ecumenical Temple.
             The game lasted 00:06:32 (5124 turns).

epen the Poker (Formicid Gladiator)                 Turns: 5124, Time: 00:06:33

Health: -7/53      AC:  5    Str: 20    XL:     7   Next: 8%
Magic:  7/7        EV: 12    Int:  8    God:    Okawaru [......]
Gold:   274        SH:  0    Dex: 12    Spells: 6/6 levels left

rFire    . . .     SeeInvis +   a - +0 trident
rCold    . . .     Faith    .   (no shield)
rNeg     . . .     Spirit   .   r - +0 ring mail
rPois    .         Reflect  .   (helmet unavailable)
rElec    .         Harm     +   q - scarf {harm}
rCorr    .         Rampage  .   (no gloves)
Will     .....                  (no boots)
Stlth    +.........             (no amulet)
HPRegen  0.17/turn              (no ring)
MPRegen  0.10/turn              (no ring)

@: no status effects
A: permanent stasis, dig shafts and tunnels, four strong arms, antennae 3
a: Dig, Renounce Religion


You were in the Ecumenical Temple.
You worshipped Okawaru.
Okawaru was noncommittal.
You visited 2 branches of the dungeon, and saw 6 of its levels.

You collected 274 gold pieces.

Inventory:

Hand Weapons
 a - a +0 trident (weapon)
 v - a +0 halberd
Missiles
 c - 3 throwing nets (quivered)
Armour
 b - a +0 leather armour
 q - a scarf of harm (worn)
 r - a +0 ring mail (worn)
 t - a +0 kite shield
 w - the +2 pair of gloves of Patterns {-Cast +Inv SInv}
   (You found it on level 5 of the Dungeon)

   It lets you see invisible.
   It lets you turn invisible.
   It prevents spellcasting.
Jewellery
 g - a +6 ring of intelligence
 n - a +4 ring of evasion {unknown}
Scrolls
 e - 2 scrolls of remove curse {unknown}
 f - 4 scrolls of identify
 k - a scroll of fog {unknown}
 m - 2 scrolls of magic mapping {unknown}
 o - 2 scrolls of random uselessness {unknown}
Potions
 d - 2 potions of berserk rage
 i - a potion of cancellation
 j - a potion of lignification {unknown}
 p - 2 potions of attraction {unknown}
 s - a potion of curing {unknown}
 u - a potion of flight {unknown}


   Skills:
 + Level 3.9 Fighting
 * Level 5.2 Polearms
 - Level 2.0 Throwing
 + Level 2.9 Armour
 + Level 3.8 Dodging
 + Level 0.2 Shields


You had 6 spell levels left.
You didn't know any spells.
Your spell library was empty.

Dungeon Overview and Level Annotations

Branches:
Dungeon (5/15)             Temple (1/1) D:5

Altars:
Ashenzari
Dithmenos
Elyvilon
Fedhas
Gozag
Hepliaklqana
Kikubaaqudgha
Makhleb
Nemelex Xobeh
Okawaru
Ru
Sif Muna
Trog
Uskayaw
Vehumet
Wu Jian
Xom
Yredelemnul
Zin


Innate Abilities, Weirdness & Mutations

You cannot be hasted, slowed, berserked, paralysed or teleported.
You can dig through walls and to a lower floor.
Your four strong arms can wield two-handed weapons with a shield.
You have a pair of large antennae on your head. (SInv)


Message History

You climb upwards.
Welcome back to the Dungeon!
The ogre shouts!
You hear a shout!
The ogre closely misses you.
The ogre hits you with a +0 giant spiked club!
There is a staircase to the Ecumenical Temple here.
You climb downwards.
Welcome back to the Ecumenical Temple!
Beware, you cannot shaft yourself on this level.
There is a staircase back to the Dungeon here.
You puncture the ogre!
The ogre is moderately wounded.
The ogre hits you with a +0 giant spiked club!
You are too injured to fight recklessly!
You are too injured to fight recklessly!
You barely miss the ogre.
The ogre is moderately wounded.
The ogre closely misses you.
Okay, then.
The ogre hits you with a +0 giant spiked club!!
Ouch! That really hurt!
You die...

≈≈≈≈≈≈≈≈≈≈≈≈≈≈≈≈
≈≈≈≈≈≈≈≈≈≈≈≈≈≈≈≈≈≈≈≈
≈≈≈≈≈≈≈≈≈≈≈≈≈≈≈≈≈≈≈≈≈
≈≈≈≈≈≈≈≈≈≈≈≈≈≈≈≈≈≈≈≈≈≈
≈≈≈≈≈≈≈≈≈≈≈...≈...≈.≈≈.
≈≈≈≈≈≈≈≈≈............P..
≈≈≈≈≈≈≈≈P......PP.......
≈≈≈≈≈≈≈≈.......O@.......
≈≈≈≈≈≈≈...P....#######..
≈≈≈≈≈≈.......###.....###
≈≈≈≈≈......###..._.....###
≈≈≈.......##........._...##
≈≈≈.......'..._........_..#
≈≈≈P..<...'......._.⌠.....#
≈≈≈.......'..._........_..#
≈≈≈≈......##........._...##


You could see an ogre.

Vanquished Creatures
  A scorpion (D:4)
  2 orc priests (D:4)
  Natasha (twice) (D:2)
  A hound skeleton (D:4)
  Robin (D:2)
  6 adders
  3 gnolls (D:4)
  2 oozes
  2 worms
  3 leopard geckos
  10 orcs
  10 bats
  3 giant cockroaches
  19 goblins
  11 hobgoblins
  8 jackals
  7 kobolds
  2 quokkas
  6 frilled lizards
  5 rats
104 creatures vanquished.

Notes
Turn   | Place    | Note
-------+----------+-------------------------------------------
     0 | D:1      | epen the Formicid Gladiator began the quest for the Orb.
     0 | D:1      | Reached XP level 1. HP: 16/16 MP: 1/1
    95 | D:1      | Reached XP level 2. HP: 23/23 MP: 2/2
   246 | D:1      | Reached XP level 3. HP: 28/28 MP: 3/3
   248 | D:1      | Reached skill level 1 in Armour
   643 | D:2      | Reached XP level 4. HP: 24/34 MP: 4/4
   939 | D:2      | Noticed Robin
  1091 | D:1      | Reached skill level 4 in Polearms
  1243 | D:2      | Killed Robin
  1244 | D:2      | Reached XP level 5. HP: 29/41 MP: 5/5
  1426 | D:2      | Found a sacrificial altar of Ru.
  1457 | D:2      | Noticed Natasha
  1469 | D:2      | Killed Natasha
  1686 | D:2      | Noticed Natasha
  1700 | D:2      | Killed Natasha
  1836 | D:2      | Found an ancient bone altar of Kikubaaqudgha.
  2243 | D:3      | Found an ornate altar of the Wu Jian Council.
  2288 | D:3      | Reached XP level 6. HP: 41/47 MP: 6/6
  3005 | D:3      | Found a hide-covered altar of Uskayaw.
  3005 | D:3      | Found a radiant altar of Vehumet.
  3009 | D:3      | Found a bloodstained altar of Trog.
  3013 | D:3      | Found a broken altar of Ashenzari.
  3013 | D:3      | Found a white marble altar of Elyvilon.
  3023 | D:3      | Found a hazy altar of Hepliaklqana.
  3025 | D:3      | Found an opulent altar of Gozag.
  3898 | D:4      | Reached skill level 5 in Polearms
  4407 | D:4      | Reached XP level 7. HP: 36/53 MP: 7/7
  4696 | D:5      | Entered Level 5 of the Dungeon
  4710 | D:5      | Got a pair of ichor-stained gloves
  4775 | D:5      | Found a staircase to the Ecumenical Temple.
  4784 | Temple   | Entered the Ecumenical Temple
  5066 | Temple   | Identified the +2 pair of gloves of Patterns {-Cast +Inv
                  | SInv} (You found it on level 5 of the Dungeon)
  5091 | Temple   | Became a worshipper of Warmaster Okawaru
  5124 | Temple   | Mangled by an ogre

Illustrated notes

Levels and vault maps discovered:
D:1:      dpeg_arrival_rhombus, layout_rooms, minmay_pentomino_p4
D:2:      layout_basic, lemuel_coloured_pillars_altar,
          nicolae_ru_the_path_less_chosen, uniq_robin, uniq_natasha
D:3:      layout_basic, nzn_wu_jian_council_hall, minitemple
D:4:      layout_loops_ring, overflow_temple_1_default, trog_wizard
D:5:      layout_gridville, kennysheep_mini_moat, minmay_temple_entry_mist,
          st_stairs_2, lemuel_blue_sif_altar, uniq_pikel
Temple:   jpeg_temple_island

Skill      XL: |  1  2  3  4  5  6 |
---------------+-------------------+-----
Armour         | 1 2 |  2.9
Dodging        | 3 |  3.8
Fighting       | 3 |  3.9
Polearms       | 4 5 |  5.2
Throwing       | |  2.0
Shields        | |  0.2

Action                   |  1- 3 |  4- 6 |  7- 9 || total
-------------------------+-------+-------+-------++-------
Melee: Trident           |   102 |   216 |    29 ||   347
  Use: Potion            |       |     2 |     1 ||     3
       Scroll            |       |       |     3 ||     3
 Stab: Sleeping          |     1 |       |       ||     1
       Distracted        |       |     1 |       ||     1
Armor: Leather armour    |    34 |    25 |       ||    59
       Ring mail         |       |    23 |     5 ||    28
Dodge: Dodged            |    71 |   132 |    30 ||   233

Table legend: (Time is in decaauts)
 A = Elapsed time spent in this place.
 B = Non-inter-level travel time spent in this place.
 C = Inter-level travel time spent in this place.
 D = Time resting spent in this place.
 E = Time spent auto-exploring this place.
 F = Levels seen in this place.
 G = Mean time per level.
                   A        B        C        D        E       F      G
               +--------+--------+--------+--------+--------+-----+--------+
         Total |   5162 |   4945 |    217 |   1624 |   2436 |   6 |  860.3 |
       Dungeon |   4823 |   4623 |    200 |   1348 |   2436 |   5 |  964.6 |
        Temple |    338 |    321 |     17 |    276 |      0 |   1 |  338.0 |
               +--------+--------+--------+--------+--------+-----+--------+

Top non-repeatable levels by time:
     D:3: 1810 daAuts
     D:2: 1085 daAuts
     D:1: 962 daAuts
     D:4: 874 daAuts
  Temple: 338 daAuts
     D:5: 90 daAuts
